 Dungeon Crawl Stone Soup version 0.20-a0-850-ge5a7832 (webtiles) character file.

226 HEYYEYAAE the Skirmisher (level 6, -4/33 HPs)
             Began as a Vine Stalker Chaos Knight on Mar 10, 2017.
             Slain by a wolf (7 damage)
             ... on level 4 of the Dungeon.
             The game lasted 00:03:28 (2333 turns).

HEYYEYAAE the Skirmisher (VSCK)                     Turns: 2333, Time: 00:03:29

Health: -4/33      AC:  6    Str: 14    XL:     6   Next: 1%
Magic:  0/9        EV: 11    Int: 12    God:    Xom [......]
Gold:   98         SH:  0    Dex: 16    Spells: 8/8 levels left

rFire    . . .     SeeInvis .   q - +2 dagger (drain)
rCold    . . .     Gourm    .   b - +3 leather armour
rNeg     . . .     Faith    +   (no shield)
rPois    .         Spirit   +   (no helmet)
rElec    .         Reflect  .   (no cloak)
rCorr    .         Harm     .   (no gloves)
MR       .....                  (no boots)
Stlth    ..........             n - amulet of faith
Regen    0.6/turn               (no ring)
MPRegen  0.2/turn               m - ring of loudness

@: drained
A: fangs 2, regeneration 1, magic shield, antimagic bite, no potion heal 3, rot
immunity
a: Renounce Religion


You were on level 4 of the Dungeon.
You worshipped Xom.
You were a very special plaything of Xom.
You were hungry.

You visited 1 branch of the dungeon, and saw 4 of its levels.

You collected 98 gold pieces.

Inventory:

Hand Weapons
 a - a +0 spear of chaos
 q - a +2 dagger of draining (weapon)
Missiles
 l - 42 arrows
 s - 26 bolts
Armour
 b - a +3 leather armour (worn)
Jewellery
 m - a ring of loudness (left hand)
 n - an amulet of faith (around neck)
Wands
 g - a wand of polymorph (9/24)
Scrolls
 e - 2 scrolls of remove curse
 i - a scroll of identify
 r - a scroll of fear {unknown}
Potions
 f - a potion of magic {unknown}
 h - a potion of might {unknown}
 k - 2 potions of curing {unknown}
Comestibles
 c - 4 bread rations
 d - a fruit
 o - 2 royal jellies
 p - 2 meat rations


   Skills:
 * Level 4.1(3.4) Fighting
 - Level 2.6(2.0) Polearms
 + Level 2.6(1.9) Armour
 + Level 1.9(1.2) Dodging
 + Level 1.8(1.1) Spellcasting
 + Level 1.5(0.8) Evocations


You had 8 spell levels left.
You didn't know any spells.

Dungeon Overview and Level Annotations

Branches:
Dungeon (4/15)
 Temple: D:4-7

Altars:
Ashenzari
Ru
Trog
Wu Jian

Annotations:
D:3 Brouzouf's ghost, amateur BaFi


Innate Abilities, Weirdness & Mutations

You have extremely sharp teeth.
Your natural rate of healing is unusually fast.
When hurt, damage is shared between your health and your magic reserves.
Your bite disrupts and absorbs the magic of your enemies.
Potions cannot restore your health.
You are immune to rotting.


Message History

The wolf is severely wounded.
The wolf bites you!
* * * LOW HITPOINT WARNING * * *
The wolf closely misses you.
You closely miss the wolf. Your bite misses the wolf.
The wolf is severely wounded.
The wolf bites you.
* * * LOW HITPOINT WARNING * * *
The wolf bites you.
* * * LOW HITPOINT WARNING * * *
You barely miss the wolf. You bite the wolf, but do no damage.
The wolf is severely wounded.
The wolf bites you but does no damage.
Unknown command.
Okay, then.
As you read the scroll labeled QOTISI WIPEL, it crumbles to dust.
It is a scroll of enchant weapon.
Your +1 dagger of draining glows red for a moment.
The wolf bites you!
You die...

♣##########
..........#
♣.........#
♣.........#
.......<..#
...%......#
.......)..#
#########@##
#........h.#
#..........# ....
+..........# .....
#..........# ......
#..........# .....
#.#####....#
....####.##.##....#
....#.............#


You could see a wolf.

Vanquished Creatures
  An orc priest (D:3)
  Natasha (thrice) (D:2)
  A worker ant (D:4)
  3 adders
  A shadow imp (D:2)
  A worm (D:3)
  A leopard gecko (D:2)
  2 orcs (D:3)
  A ball python (D:1)
  3 giant cockroaches
  10 goblins
  6 hobgoblins
  11 jackals
  4 kobolds
  A quokka (D:4)
  4 bats
  2 frilled lizards (D:2)
  4 rats
59 creatures vanquished.

Notes
Turn   | Place    | Note
-------+----------+-------------------------------------------
     0 | D:1      | HEYYEYAAE the Vine Stalker Chaos Knight began the quest for the Orb.
     0 | D:1      | Reached XP level 1. HP: 11/11 MP: 2/2
     4 | D:1      | XOM: divination: detect items
    37 | D:1      | Reached skill level 1 in Dodging
    37 | D:1      | Reached XP level 2. HP: 4/16 MP: 3/3
    39 | D:1      | Reached skill level 3 in Fighting
   229 | D:1      | XOM: divination: detect items
   239 | D:1      | XOM: harmless Chrm miscast
   340 | D:1      | XOM: divination: magic mapping
   407 | D:1      | You fall through a shaft!
   421 | D:2      | Reached skill level 1 in Spellcasting
   421 | D:2      | Reached XP level 3. HP: 12/20 MP: 5/5
   612 | D:2      | XOM: noise
   618 | D:2      | Noticed Natasha
   627 | D:2      | Killed Natasha
   765 | D:2      | Gained mutation: Your natural rate of healing is unusually fast. [Vine Stalker growth]
   765 | D:2      | Reached XP level 4. HP: 21/24 MP: 4/6
   834 | D:2      | Found a bloodstained altar of Trog.
   854 | D:2      | Noticed Natasha
   864 | D:2      | Killed Natasha
   864 | D:2      | Reached skill level 1 in Evocations
  1004 | D:2      | XOM: medium Fire miscast
  1134 | D:2      | Noticed Natasha
  1145 | D:2      | Killed Natasha
  1145 | D:2      | Reached XP level 5. HP: 20/29 MP: 4/7
  1247 | D:2      | XOM: harmless Pois miscast
  1252 | D:2      | XOM: smoke on damage
  1355 | D:2      | XOM: chaos upgrade
  1356 | D:2      | Found an ornate altar of the Wu Jian Council.
  1358 | D:2      | Found a sacrificial altar of Ru.
  1436 | D:1      | XOM: harmless Air miscast
  1561 | D:1      | XOM: mild Conj miscast
  1664 | D:1      | XOM: 2-stop teleportation journey
  1889 | D:3      | Found a shattered altar of Ashenzari.
  1928 | D:3      | XOM: harmless Conj miscast
  1957 | D:3      | XOM: draining
  1994 | D:3      | XOM: stat loss: -1 Dex (14/15)
  2086 | D:3      | XOM: harmless Fire miscast
  2138 | D:3      | Reached skill level 4 in Fighting
  2141 | D:3      | Noticed Brouzouf's ghost (amateur BaFi)
  2163 | D:3      | XOM: smoke on damage
  2171 | D:3      | XOM: harmless Conj miscast
  2183 | D:3      | XOM: 3-stop teleportation journey
  2263 | D:4      | XOM: swap monsters
  2274 | D:4      | Reached XP level 6. HP: 17/33 MP: 9/9
  2308 | D:4      | XOM: harmless Ice miscast
  2325 | D:4      | XOM: swap monsters
  2333 | D:4      | Slain by a wolf

Vault maps used:
D:1:      lightli_arrival_chessboard
D:2:      nicolae_overflow_hidden_temple, gammafunk_temple_overflow_pools,
          nrook_loot_triangle, uniq_natasha
D:3:      evilmike_ruin_ashenzari
D:4:      temple_fountains, serial_bayou_crossing

Skill      XL: |  1  2  3  4  5 |
---------------+----------------+-----
Dodging        | 1 |  1.9
Fighting       | 3 4 |  4.1
Armour         | 2 |  2.6
Spellcasting   | 1 |  1.8
Evocations     | 1 |  1.5
Polearms       | |  2.6

Action                   |  1- 3 |  4- 6 || total
-------------------------+-------+-------++-------
Melee: Spear             |    76 |    95 ||   171
       Bite              |    19 |    31 ||    50
       Dagger            |       |    50 ||    50
Evoke: Wand              |       |     2 ||     2
  Use: Scroll            |       |     5 ||     5
  Eat: Chunk             |       |     4 ||     4
Armor: Leather armour    |    22 |    44 ||    66
Dodge: Dodged            |    35 |    68 ||   103
